 Dungeon Crawl Stone Soup version 0.23.0-3-gf3c87f2 (webtiles) character file.

Game seed: 14593187614880496174

114 Kurtz the Ruffian (level 4, -9/35 HPs)
             Began as a Mummy Chaos Knight on Feb 22, 2019.
             Was a Plaything of Xom.
             Killed by divine providence
             ... invoked by an orc priest
              (13 damage)
             ... on level 3 of the Dungeon.
             The game lasted 00:04:05 (2315 turns).

Kurtz the Ruffian (Mummy Chaos Knight)              Turns: 2315, Time: 00:04:05

Health: -9/35      AC:  6    Str: 15    XL:     4   Next: 67%
Magic:  4/4        EV: 11    Int: 11    God:    Xom [*.....]
Gold:   145        SH:  0    Dex: 12    Spells: 3/3 levels left

rFire    x . .     SeeInvis .     - Unarmed
rCold    + . .     Gourm    .   (no shield)
rNeg     + + +     Faith    .   a - +2 leather armour
rPois    ∞         Spirit   .   d - +0 helmet
rElec    .         Reflect  .   (no cloak)
rCorr    .         Harm     .   (no gloves)
MR       .....                  (no boots)
Stlth    +.........             (no amulet)
HPRegen  0.11/turn              (no ring)
MPRegen  0.09/turn              (no ring)

@: no status effects
A: no food or potions, fire vulnerability, cold resistance 1, negative energy
resistance 3, torment resistance, unbreathing
a: Renounce Religion


You were on level 3 of the Dungeon.
You worshipped Xom.
You were a special plaything of Xom.
You were not hungry.

You visited 1 branch of the dungeon, and saw 4 of its levels.

You collected 145 gold pieces.

Inventory:

Armour
 a - a +2 leather armour (worn)
 d - a +0 helmet (worn)
Scrolls
 b - a scroll of noise {unknown}
 c - a scroll of immolation {unknown}
 e - 2 scrolls of identify {unknown}
 f - a scroll of teleportation {unknown}


   Skills:
 - Level 3.0 Fighting
 - Level 1.5 Armour
 - Level 0.7 Dodging
 * Level 1.0 Stealth
 * Level 4.3 Unarmed Combat


You had 3 spell levels left.
You didn't know any spells.
Your spell library was empty.

Dungeon Overview and Level Annotations

Branches:
Dungeon (4/15)
 Temple: D:4-7

Altars:
Elyvilon
Ru

Annotations:
D:4 Eustachio


Innate Abilities, Weirdness & Mutations

You do not eat or drink.
Your flesh is vulnerable to fire.
You are immune to poison.
Your flesh is cold resistant. (rC+)
You are immune to negative energy. (rN+++)
You are immune to unholy pain and torment.
You can survive without breathing.


Message History

You hit the worm.
The worm is almost dead.
You hit the worm but do no damage.
The worm is almost dead.
The worm bites you.
* * * LOW HITPOINT WARNING * * *
You barely miss the worm.
The worm is almost dead.
You hit the worm but do no damage.
The worm is almost dead.
The worm bites you!
* * * LOW HITPOINT WARNING * * *
Unknown command.
You see here a cursed +0 club.
The orc priest shouts!
The orc priest looks satisfied for a moment.
The orc priest calls down the wrath of Beogh upon you.
Beogh smites you!
You die...
Xom roars with laughter!

.# #.....w....#.####
#.... .#
#.####.###.#.#########.
.# #.# #.........%... .#
#o# #.#.#########. .#
#.# #.#.# #. .########
#.# #.#<# #. .o......#
#.# #.#.# #. ######..#
#.# #.#.# #. #..# #@#
#.#.#########. #..# #.#
#.#........... #o.# #.
#.# #..o########..
#####..# #. #.# ###o#
#..
##....o.#####.##.#####.#
#..
..................so...#
#.#
.#.###..........%#######
#.
........###.......######
#. .#.###.##
#............. #.


You could see an orc priest.

Vanquished Creatures
  4 adders
  3 dart slugs
  3 leopard geckos
  2 orcs (D:3)
  A ball python (D:2)
  9 bats
  8 giant cockroaches
  A goblin (D:2)
  5 hobgoblins
  3 jackals (D:3)
  7 kobolds
  A quokka (D:2)
  4 frilled lizards
  9 rats
60 creatures vanquished.

Vanquished Creatures (collateral kills)
  A gnoll (D:2)
  A worm (D:2)
2 creatures vanquished.

Grand Total: 62 creatures vanquished

Notes
Turn   | Place    | Note
-------+----------+-------------------------------------------
     0 | D:1      | Kurtz the Mummy Chaos Knight began the quest for the Orb.
     0 | D:1      | Reached XP level 1. HP: 18/18 MP: 1/1
    80 | D:1      | XOM: potion effect (might)
   114 | D:1      | XOM: harmless Tmut miscast
   172 | D:1      | Reached skill level 3 in Unarmed Combat
   172 | D:1      | Reached XP level 2. HP: 12/24 MP: 2/2
   349 | D:1      | XOM: 11-stop teleportation journey
   539 | D:1      | XOM: noise
   731 | D:2      | Noticed Sigmund
   732 | D:2      | Reached XP level 3. HP: 27/29 MP: 3/3
   790 | D:2      | XOM: cast spell 'Shadow Creatures'
  1147 | D:2      | Found a sacrificial altar of Ru.
  1424 | D:2      | Noticed Sigmund
  1424 | D:2      | Sigmund changed into Sigmund the gnoll
  1424 | D:2      | XOM: polymorph Sigmund -> Sigmund the gnoll
  1424 | D:2      | Killed Sigmund the gnoll
  1607 | D:2      | Reached XP level 4. HP: 31/35 MP: 4/4
  1714 | D:2      | XOM: harmless Conj miscast
  1763 | D:3      | Reached skill level 4 in Unarmed Combat
  1995 | D:3      | XOM: mild Pois miscast
  2136 | D:3      | Found a white marble altar of Elyvilon.
  2148 | D:3      | Reached skill level 1 in Stealth
  2161 | D:4      | Noticed Eustachio
  2229 | D:3      | XOM: god gift: 24 gold pieces
  2241 | D:3      | XOM: 6-stop teleportation journey
  2280 | D:3      | XOM: confusion
  2315 | D:3      | Killed from afar by an orc priest

Skill      XL: |  1  2  3  4 |
---------------+-------------+-----
Unarmed Combat | 3 4 |  4.3
Stealth        | 1 |  1.0
Fighting       | |  3.0
Armour         | |  1.5
Dodging        | |  0.7

Action                   |  1- 3 |  4- 6 || total
-------------------------+-------+-------++-------
Melee: Unarmed           |   195 |    99 ||   294
       Punch             |       |     1 ||     1
 Stab: Sleeping          |       |     2 ||     2
Armor: Leather armour    |    71 |    44 ||   115
Dodge: Dodged            |   115 |    54 ||   169
